 Dungeon Crawl Stone Soup version 0.20-a0-502-g555d78b (webtiles) character file.

1397 Kwzr the Chopper (level 8, -5/80 HPs)
             Began as a Deep Dwarf Fighter on Jan 20, 2017.
             Slain by a troll (6 damage)
             ... on level 7 of the Dungeon.
             The game lasted 00:17:08 (3563 turns).

Kwzr the Chopper (Deep Dwarf Fighter)               Turns: 3563, Time: 00:17:10

Health: -5/80      AC: 17    Str: 22    XL:     8   Next: 41%
Magic:  3/3        EV: 11    Int: 15    God:
Gold:   284        SH: 10    Dex: 14    Spells: 7/7 levels left

rFire    . . .     SeeInvis .   a - +0 war axe
rCold    . . .     Gourm    .   h - +6 scale mail "Luuneen" {MR+ Int+6}
rNeg     . . .     Faith    .   c - +0 shield
rPois    .         Spirit   .   q - +2 helmet
rElec    .         Reflect  .   (no cloak)
rCorr    .         Harm     .   (no gloves)
MR       ++...                  v - +0 pair of boots
Stlth    ..........             (no amulet)
Regen    0.0/turn               (no ring)
                                j - +2 ring of dexterity

@: non-regenerating
A: damage resistance, recharge devices, repulsion field 1, sense surroundings 1,
robust 1, slow regeneration 3
a: Heal Wounds


You were on level 7 of the Dungeon.
You were not hungry.

You visited 1 branch of the dungeon, and saw 6 of its levels.
You also visited: Ossuary.

You collected 284 gold pieces.

Inventory:

Hand Weapons
 a - a +0 war axe (weapon)
Armour
 b - a +0 scale mail
 c - a +0 shield (worn)
 h - the +6 scale mail "Luuneen" (worn) {MR+ Int+6}
   (You found it on level 5 of the Dungeon)

   It affects your intelligence (+6).
   It affects your resistance to hostile enchantments.
 q - a +2 helmet (worn)
 v - a +0 pair of boots (worn)
Jewellery
 j - a +2 ring of dexterity (left hand)
 l - an uncursed ring of ice
 G - a +2 ring of dexterity
Wands
 n - a wand of random effects (27/48)
 K - a wand of acid (4/15)
Scrolls
 e - 4 scrolls of identify
 i - 7 scrolls of remove curse {unknown}
 o - 5 scrolls of teleportation
 p - 2 scrolls of fear {unknown}
 t - a scroll of amnesia
 x - a scroll of brand weapon {unknown}
 y - 5 scrolls of random uselessness {unknown}
Potions
 d - 3 potions of might
 k - 2 potions of berserk rage {unknown}
 m - 2 potions of brilliance
 s - a potion of cancellation {unknown}
 u - a potion of ambrosia {unknown}
 w - a potion of heal wounds {unknown}
 z - 4 potions of degeneration {unknown}
 A - a potion of curing {unknown}
 B - a potion of magic {unknown}
 C - a potion of agility {unknown}
 D - a potion of mutation {unknown}
 E - a potion of flight {unknown}
 I - a potion of lignification {unknown}
 J - a potion of resistance {unknown}
Comestibles
 f - 4 bread rations
 g - 2 meat rations
 r - a slice of pizza
 F - 5 fruits
 H - 4 chunks of flesh


   Skills:
 + Level 4.5 Fighting
 + Level 7.8 Axes
 + Level 5.2 Armour
 + Level 2.9 Dodging
 + Level 0.3 Stealth
 + Level 5.9 Shields
 + Level 0.6 Evocations


You had 7 spell levels left.
You didn't know any spells.

Dungeon Overview and Level Annotations

Branches:
Dungeon (7/15)
 Temple: D:4-7

Altars:
Cheibriados
Yredelemnul
The Shining One

Shops:
D:4 [


Innate Abilities, Weirdness & Mutations

You are resistant to damage.
You can recharge devices by infusing magical energy.
You passively map a small area around you.
You do not regenerate.
You are surrounded by a mild repulsion field. (EV +2)
You are robust. (+10% HP)


Message History

The troll bites you but does no damage. The troll claws you but does no damage.
The troll claws you!
* * * LOW HITPOINT WARNING * * *
You hit the troll.
The troll is almost dead.
The troll barely misses you. You block the troll's attack. x2
You closely miss the troll.
The troll is almost dead.
You block the troll's attack. The troll claws you!
* * * LOW HITPOINT WARNING * * *
You block the troll's attack. x2; The troll barely misses you.
The troll closely misses you.
You closely miss the troll.
The troll is almost dead.
The troll bites you!
* * * LOW HITPOINT WARNING * * *
The troll claws you.
* * * LOW HITPOINT WARNING * * *
The troll claws you!
You die...

..##.# #..#...###
####.######........# ,
#.##......#####.#
#.........# ###># .###
####..(...# #... ... ,
#......###.####.###
#......##..##.....## .#
#..........#...?...#..#
#.........@#.......#..
*
###..####..T..._......
.....# #..#..(..?.#, ##
* ##.#.* #..#.......# *
* .# #.#. *#..##.....##
...# # * ...####.### ,
** * .#
................ , ###
* .#.......######## ..,
#.##.#####


You could see a troll.

Vanquished Creatures
  A hippogriff (D:7)
  Grinder (D:4)
  Duvessa (D:7)
  A phantom (D:4)
  A sky beast (D:7)
  2 bullfrogs (D:7)
  A gnoll sergeant (D:7)
  A scorpion (D:7)
  Dowan (D:7)
  A centaur zombie (Ossuary)
  A hound (D:7)
  A jelly (D:7)
  An orc wizard (D:4)
  An iguana (D:7)
  A big kobold zombie (Ossuary)
  A hound skeleton (D:7)
  5 mummies (Ossuary)
  A howler monkey zombie (D:7)
  Robin (D:2)
  5 adders
  4 gnolls (D:7)
  An ooze (D:1)
  An adder skeleton (D:4)
  A dart slug (D:1)
  A worm (D:3)
  2 leopard geckos (D:4)
  8 orcs
  8 bats
  3 giant cockroaches
  13 goblins
  11 hobgoblins
  7 jackals
  2 frilled lizards
  A goblin zombie (Ossuary)
  A hobgoblin zombie (Ossuary)
  A jackal skeleton (D:4)
  8 kobolds
  2 kobold zombies (Ossuary)
  2 orc zombies (Ossuary)
  10 rats
116 creatures vanquished.

Notes
Turn   | Place    | Note
-------+----------+-------------------------------------------
     0 | D:1      | Kwzr the Deep Dwarf Fighter began the quest for the Orb.
     0 | D:1      | Reached XP level 1. HP: 20/20 MP: 1/1
    74 | D:1      | Reached XP level 2. HP: 27/27 MP: 2/2
   213 | D:1      | You fall through a shaft!
   258 | D:2      | Noticed Robin
   265 | D:2      | Killed Robin
   265 | D:2      | Reached skill level 3 in Axes
   265 | D:2      | Reached XP level 3. HP: 26/34 MP: 3/3
  1032 | D:2      | Reached XP level 4. HP: 42/42 MP: 3/3
  1663 | D:3      | Found a glowing golden altar of the Shining One.
  1852 | D:4      | Noticed Grinder
  1876 | D:4      | Reached skill level 4 in Axes
  1876 | D:4      | Reached XP level 5. HP: 33/49 MP: 4/4
  1879 | D:4      | Paralysed by Grinder for 4 turns
  1999 | D:4      | Paralysed by Grinder for 7 turns
  2008 | D:4      | Paralysed by Grinder for 4 turns
  2014 | D:4      | Paralysed by Grinder for 3 turns
  2024 | D:4      | Paralysed by Grinder for 3 turns
  2035 | D:4      | Killed Grinder
  2035 | D:4      | Reached skill level 1 in Dodging
  2035 | D:4      | Reached XP level 6. HP: 30/56 MP: 3/3
  2075 | D:4      | Found Xicid's Antique Armour Boutique.
  2128 | D:4      | Found a snail-covered altar of Cheibriados.
  2168 | D:4      | Reached skill level 5 in Axes
  2624 | D:5      | Entered Level 5 of the Dungeon
  2646 | D:5      | Got a spiked scale mail
  2657 | D:5      | Identified the +6 scale mail "Luuneen" {MR+ Int+6} (You found it on level 5 of the Dungeon)
  2680 | D:5      | Found a sand-covered staircase.
  2690 | Ossuary  | Entered an ossuary
  2815 | Ossuary  | Reached XP level 7. HP: 30/63 MP: 4/4
  2912 | D:5      | You fall through a shaft for 2 floors!
  2912 | D:7      | Found a basalt altar of Yredelemnul.
  2917 | D:7      | Noticed a troll
  3047 | D:7      | Reached skill level 5 in Shields
  3161 | D:7      | Reached skill level 6 in Axes
  3179 | D:7      | Gained mutation: You are robust. (+10% HP) [mutagenic meat]
  3180 | D:7      | Gained mutation: You are surrounded by a mild repulsion field. (EV +2) [mutagenic meat]
  3212 | D:7      | Noticed a hippogriff
  3227 | D:7      | Killed a hippogriff
  3227 | D:7      | Reached skill level 7 in Axes
  3227 | D:7      | Reached XP level 8. HP: 32/79 MP: 5/5
  3261 | D:7      | Reached skill level 5 in Armour
  3348 | D:7      | Noticed Dowan
  3349 | D:7      | Noticed Duvessa
  3372 | D:7      | Killed Dowan
  3389 | D:7      | Killed Duvessa
  3563 | D:7      | HP: 4/80 [troll (13)]
  3563 | D:7      | HP: 1/80 [troll (3)]
  3563 | D:7      | Slain by a troll

Vault maps used:
D:1:      dpeg_arrival_short_road
D:2:      minmay_door_path, first_bread, uniq_robin
D:3:      tso_altar, due_unseen_surprise
D:4:      cheibriados_altar_1, serial_shops, nicolae_shop_waterfront,
          uniq_grinder
D:5:      nicolae_ru_the_path_less_chosen, lightli_ossuary_entry_decrepit_ruins
D:7:      old_standard_altar, uniq_duvessa
Ossuary:  ossuary_crypta

Skill      XL: |  1  2  3  4  5  6  7  8 |
---------------+-------------------------+-----
Fighting       | 3 4 |  4.5
Axes           | 3 4 5 7 |  7.8
Shields        | 4 5 |  5.9
Armour         | 4 5 |  5.2
Dodging        | 1 2 |  2.9
Stealth        | |  0.3
Evocations     | |  0.6

Action                   |  1- 3 |  4- 6 |  7- 9 || total
-------------------------+-------+-------+-------++-------
Melee: War axe           |    99 |   209 |   183 ||   491
 Abil: Heal Wounds       |     1 |     3 |     4 ||     8
Evoke: Wand              |       |       |     2 ||     2
  Use: Potion            |       |     1 |       ||     1
       Scroll            |       |     6 |     1 ||     7
  Eat: Chunk             |       |     6 |     4 ||    10
       Royal jelly       |       |       |     1 ||     1
Armor: Scale mail        |    46 |    87 |   109 ||   242
Dodge: Dodged            |    29 |    52 |    98 ||   179
Block: Shield            |    66 |   100 |   122 ||   288
